 Dungeon Crawl Stone Soup version 0.29.0-15-g675c0067aa (webtiles) character file.

Game seed: 13062207509819025992

145 concernfroge the Trooper (level 5, -2/46 HPs)
             Began as a Mummy Monk on Sept 11, 2022.
             Was a Believer of Okawaru.
             Slain by Grinder (3 damage)
             ... on level 3 of the Dungeon.
             The game lasted 00:06:54 (2439 turns).

concernfroge the Trooper (Mummy Monk)               Turns: 2439, Time: 00:06:55

Health: -2/46      AC:  9    Str: 16    XL:     5   Next: 6%
Magic:  5/5        EV:  4    Int: 10    God:    Okawaru [**....]
Gold:   112        SH:  0    Dex: 14    Spells: 4/4 levels left

rFire   x . .      SeeInvis .   k - +1 morningstar
rCold   + . .      Faith    .   (no shield)
rNeg    + + +      Spirit   .   e - +1 chain mail
rPois   ∞          Reflect  .   (no helmet)
rElec   .          Harm     .   (no cloak)
rCorr   .          Rampage  .   (no gloves)
Will    .....                   (no boots)
Stlth   ..........              (no amulet)
HPRegen 0.15/turn               (no ring)
MPRegen 0.09/turn               (no ring)

@: silenced, weak-willed, grasped by roots, constricted
A: cold resistance 1, negative energy resistance 3, torment resistance 2, heat
vulnerability 1, in touch with death 1, no potions
a: Renounce Religion


You were on level 3 of the Dungeon.
You worshipped Okawaru.
Okawaru was pleased with you.
You visited 1 branch of the dungeon, and saw 3 of its levels.

You collected 112 gold pieces.

Inventory:

Hand Weapons
 a - a +0 spear
 k - a +1 morningstar (weapon)
Missiles
 b - 7 boomerangs (quivered)
Armour
 e - a +1 chain mail (worn)
Scrolls
 c - 3 scrolls of enchant weapon
 d - a scroll of vulnerability
 h - 2 scrolls of poison


   Skills:
 + Level 5.8 Fighting
 - Level 2.4 Polearms
 - Level 2.4 Dodging
 - Level 1.5 Stealth


You had 4 spell levels left.
You didn't know any spells.
Your spell library was empty.

Dungeon Overview and Level Annotations

Branches:
Dungeon (3/15)

Altars:
Okawaru

Shops:
D:1 (

Annotations:
D:3 Grinder


Innate Abilities, Weirdness & Mutations

You are immune to poison.
Your flesh is cold resistant. (rC+)
You are immune to negative energy. (rN+++)
You are immune to unholy pain and torment.
You are vulnerable to heat. (rF-)
You are in touch with the powers of death.
You do not drink.


Message History

The grasping roots constrict you.
The grasping roots release their grip on you.
You closely miss Grinder.
Grinder zaps a wand.
The roots erupt in riotous growth!
The grasping roots grab you!
Grinder is unaffected.
The grasping roots constrict you.
You puncture Grinder!
Grinder is moderately wounded.
Grinder gestures at you. You resist with significant effort.
The grasping roots constrict you. Grinder hits you.
The grasping roots constrict you.
The grasping roots release their grip on you.
You completely miss Grinder.
Grinder is moderately wounded.
Grinder hits you.
You sock Grinder!
Grinder is severely wounded.
Grinder hits you. x2
You hit Grinder but do no damage.
Grinder is severely wounded.
Grinder hits you.
* * * LOW HITPOINT WARNING * * *
You hit Grinder.
Grinder is severely wounded.
Grinder zaps a wand.
The roots erupt in riotous growth!
The grasping roots grab you!
Grinder is unaffected.
The grasping roots constrict you. Grinder barely misses you.
The grasping roots constrict you.
You barely miss Grinder.
Grinder is severely wounded.
Grinder hits you.
* * * LOW HITPOINT WARNING * * *
The grasping roots constrict you.
* * * LOW HITPOINT WARNING * * *
You closely miss Grinder.
Grinder is severely wounded.
Grinder hits you but does no damage. The grasping roots constrict you.
* * * LOW HITPOINT WARNING * * *
Grinder hits you.
You die...

#..PP...####
......###....#
P...P. #....#
P..P..
#....#######
...#..
#..).......#
..##..
#..#.......# P.
#.. #..#..†....#
#..#...5...# .# #
#..#....@..# #.#.#
#..#.......# #.#.
...#.......# #..
...#.......# #.#
#.......# #####.#
#.......###.....##
#.(......[)......#
#...≈≈≈≈≈≈≈≈≈..<.#
#...≈....(..≈....#


You could see Grinder (unsilenced, weak-willed).

Vanquished Creatures
  An orc wizard (D:3)
  6 adders (D:2)
  A worm (D:2)
  2 dart slugs
  4 orcs (D:3)
  4 endoplasms
  2 giant cockroaches (D:2)
  4 goblins
  7 hobgoblins
  2 quokkas
  5 ball pythons
  5 bats
  5 frilled lizards (D:1)
  4 kobolds
  9 rats
61 creatures vanquished.

Notes
Turn   | Place    | Note
-------+----------+-------------------------------------------
     0 | D:1      | concernfroge the Mummy Monk began the quest for the Orb.
     0 | D:1      | Reached XP level 1. HP: 18/18 MP: 1/1
   426 | D:1      | Reached XP level 2. HP: 24/24 MP: 2/2
   532 | D:1      | Found a faded altar of an unknown god.
   721 | D:1      | Found Quimpi's Antique Weapon Shop.
   878 | D:1      | Reached skill level 4 in Fighting
  1164 | D:2      | Gained mutation: You are in touch with the powers of death.
                  | [Mummy growth]
  1164 | D:2      | Reached XP level 3. HP: 27/30 MP: 3/3
  1498 | D:2      | Reached skill level 5 in Fighting
  1498 | D:2      | Reached XP level 4. HP: 36/39 MP: 4/4
  2004 | D:3      | Found an iron altar of Okawaru.
  2043 | D:3      | Reached XP level 5. HP: 41/46 MP: 5/5
  2060 | D:3      | HP: 2/46 [orc/+0 morningstar (2)]
  2378 | D:3      | Became a worshipper of Warmaster Okawaru
  2378 | D:3      | Reached * piety under Okawaru
  2378 | D:3      | Reached ** piety under Okawaru
  2411 | D:3      | Noticed Grinder
  2439 | D:3      | HP: 1/46 [constriction (4)]
  2439 | D:3      | Slain by Grinder

Illustrated notes

Levels and vault maps discovered:
D:1:      eino_arrival_cavern_c, layout_loops_ring, basic_ecumenical_altar,
          serial_shops, nicolae_shop_temple_entry_statues_fountains,
          minmay_rat_gold_closets
D:2:      layout_basic, corexii_hall_statues_x, nicolae_figureground_pulse
D:3:      layout_basic, grunt_temple_overflow_order_and_chaos_2,
          kiku_gazebo_garden_becter, mainiacjoe_overflow_concentric_impassable,
          serial_shops, shop, uniq_grinder

Skill      XL: |  1  2  3 |
---------------+----------+-----
Fighting       | 4 5 |  5.8
Polearms       | |  2.4
Dodging        | |  2.4
Stealth        | |  1.5

Action                   |  1- 3 |  4- 6 || total
-------------------------+-------+-------++-------
Melee: Spear             |   172 |   111 ||   283
       Punch             |     5 |       ||     5
       Morningstar       |       |    12 ||    12
Throw: Boomerang         |     7 |       ||     7
  Use: Scroll            |       |     6 ||     6
 Stab: Sleeping          |     4 |       ||     4
Armor: Robe              |     4 |       ||     4
       Chain mail        |    64 |    54 ||   118
Dodge: Dodged            |    71 |    26 ||    97
